 Dungeon Crawl Stone Soup version 0.31.0-9-g3a7656b989 (webtiles) character file.

Game seed: 1387056894180820591

2218657 James the Formicid Barricade (level 27, 240/240 HPs)
             Began as a Formicid Delver on Jan 24, 2024.
             Was the Champion of Makhleb.
             Escaped with the Orb
             ... and 4 runes on Jan 25, 2024!
             The game lasted 04:19:57 (78604 turns).

James the Formicid Barricade (Formicid Delver)     Turns: 78604, Time: 04:19:57

Health: 240/240    AC: 43    Str: 33    XL:     27
Magic:  40/40      EV: 26    Int: 11    God:    Makhleb [******]
Gold:   9805       SH: 27    Dex: 21    Spells: 26/26 levels left

rFire   + + .        a - +9 demon trident (spect)
rCold   + . .        K - +0 tower shield
rNeg    + + .        L - +8 gold dragon scales
rPois   +            (helmet unavailable)
rElec   +            m - scarf {repulsion}
rCorr   +            A - +1 pair of gloves
SInv    +            V - +0 pair of boots of Qazlal's Pride {rN++ Stlth+}
Will    +++..        g - amulet "Fiva" {Spirit rF+ Will+} Stlth
                     l - ring of Thoughtfulness {rElec rCorr Str+3 Dex+6}
HPRegen 0.60/turn    G - ring of the Hare {EV+10}
MPRegen 0.27/turn

%: repel missiles, clarity, guardian spirit
@: studying 2 skills
A: permanent stasis, dig shafts and tunnels, antennae 3, four strong arms,
talons 1, iridescent scales 1, clarity, screaming 1, shaggy fur 1, wild magic 1,
evolution 1, persistent drain
0: Orb of Zot
}: 4/15 runes: decaying, silver, abyssal, gossamer
a: Dig, Shaft Self, Renounce Religion, Minor Destruction, Lesser Servant of
Makhleb, Major Destruction, Greater Servant of Makhleb


You escaped.
You worshipped Makhleb.
Makhleb was exalted by your worship.
You visited 14 branches of the dungeon, and saw 54 of its levels.
You visited the Abyss 1 time.
You visited 1 ziggurat, and saw 5 of its levels.
You also visited: Ossuary, Ice Cave and Wizlab.

You collected 11737 gold pieces.
You spent 1932 gold pieces at shops.

Inventory:

Hand Weapons
 a - a +9 spectral demon trident (weapon)
   (You took it off Asterion on level 1 of the Elven Halls)
 b - a +9 bardiche of draining
   (You found it on level 3 of the Crypt)
 r - a +2 demon trident of electrocution
   (You took it off a red devil on level 1 of the Depths)
 Q - the +5 lajatang of Crusades {elec, rElec rPois rN+ Str-3}
   (You took it off a vault guard on level 5 of the Vaults)

   Str-3:     It affects your strength (-3).
   rElec:     It insulates you from electricity.
   rPois:     It protects you from poison rN+: It protects you from negative
   energy.
Missiles
 s - 23 curare-tipped darts {!f}
 M - 15 javelins
 N - 6 throwing nets {!f}
 R - 6 silver javelins
Armour
 m - a scarf of repulsion (worn)
   (You found it on level 1 of the Depths)
 A - a +1 pair of gloves (worn)
   (You found it on level 1 of the Lair of Beasts)
 F - a +2 cloak of poison resistance
   (You took it off Crazy Yiuf on level 3 of the Dungeon)
 K - a +0 tower shield (worn)
   (You took it off Mennas on level 4 of the Vaults)
 L - +8 gold dragon scales (worn)
   (You found it on level 2 of the Realm of Zot)
 S - a +0 pair of boots of flying
   (You bought it in a shop on level 15 of the Dungeon)
 T - a +2 kite shield of protection
   (You took it off Asterion on level 1 of the Elven Halls)
 V - the +0 pair of boots of Qazlal's Pride (worn) {rN++ Stlth+}
   (You found it on level 4 of the Spider Nest)

   rN++:      It greatly protects you from negative energy.
   Stlth+:    It makes you more stealthy.
 X - a +2 kite shield of reflection
   (You took it off a tengu warrior on level 1 of the Depths)
Jewellery
 g - the amulet "Fiva" (around neck) {Spirit rF+ Will+}
   (You found it on level 4 of the Lair of Beasts)

   [amulet of guardian spirit]

   Spirit:    It causes incoming damage to be divided between your reserves of
   health and magic.
   rF+:       It protects you from fire.
   Will+:     It increases your willpower.
 i - a ring of protection from fire
   (You found it on level 4 of the Lair of Beasts)
 l - the ring of Thoughtfulness (left hand) {rElec rCorr Str+3 Dex+6}
   (You acquired it on level 3 of the Crypt)

   [ring of dexterity]

   Str+3:     It affects your strength (+3).
   Dex+6:     It affects your dexterity (+6).
   rElec:     It insulates you from electricity.
   rCorr:     It protects you from acid and corrosion.
 o - a ring of protection from cold
   (You found it on level 2 of the Depths)
 G - the ring of the Hare (right hand) {EV+10}
   (You found it on level 4 of the Lair of Beasts)

   [ring of evasion]

   EV+10:     It affects your evasion (+10).
 U - the amulet of the Four Winds {rN+ Will+++ Clar}
   (You took it off a deep elf death mage on level 3 of the Elven Halls)

   [amulet of nothing]

   rN+:       It protects you from negative energy.
   Will+++:   It greatly increases your willpower.
   Clar:      It protects you from confusion, rage, mesmerisation and fear.
Wands
 d - a wand of iceblast (88)
   (You found it on level 2 of the Lair of Beasts)
 u - a wand of paralysis (60)
   (You found it on level 2 of the Dungeon)
 v - a wand of digging (27)
 C - a wand of mindburst (39)
   (You found it on level 11 of the Dungeon)
 D - a wand of polymorph (36)
   (You found it on level 2 of the Lair of Beasts)
 J - a wand of quicksilver (33)
   (You found it on level 2 of the Spider Nest)
Scrolls
 c - 17 scrolls of fog
 e - 4 scrolls of fear
 k - 11 scrolls of vulnerability {!r}
 q - 9 scrolls of summoning
 x - 4 scrolls of brand weapon
 E - 5 scrolls of silence
 H - 4 scrolls of revelation
 I - 8 scrolls of immolation {!r}
Potions
 h - 30 potions of curing {@q1}
 j - 6 potions of resistance
 n - 12 potions of enlightenment
 p - a potion of cancellation
 t - 6 potions of lignification {!q}
 w - 4 potions of magic
 B - 13 potions of brilliance
 P - 6 potions of invisibility
 Y - 9 potions of might
 Z - 8 potions of ambrosia
Miscellaneous
 f - a tin of tremorstones (2/2)
   (You found it on level 4 of the Spider Nest)
 z - a phantom mirror
   (You found it on level 11 of the Dungeon)
 O - a lightning rod (4/4) {!a}
   (You found it on level 1 of the Vaults)


   Skills:
 * Level 24.6 Fighting
 + Level 23.9 Polearms
 O Level 27 Armour
 + Level 13.6 Dodging
 - Level 6.0 Stealth
 O Level 27 Shields
 + Level 26.0 Invocations
 - Level 8.0 Evocations


You had 26 spell levels left.
You didn't know any spells.
Your spell library contained the following spells:

 Spells                   Type           Power      Damage    Failure   Level
 Freeze                   Ice            0%         1d3       89%         1
 Kiss of Death            Conj/Necr      0%         2d5       89%         1
 Magic Dart               Conj           0%         1d3       89%         1
 Necrotise                Necr           0%         1d4       89%         1
 Sandblast                Erth           0%         2d4       89%         1
 Shock                    Conj/Air       0%         1d3       89%         1
 Sting                    Conj/Alch      0%         1d3       89%         1
 Summon Small Mammal      Summ           0%         N/A       89%         1
 Call Imp                 Summ           0%         N/A       96%         2
 Cigotuvi's Dreadful Rot  Necr/Alch/Air  0%         N/A       96%         2
 Ensorcelled Hibernation  Hex/Ice        0%         N/A       96%         2
 Jinxbite                 Hex            0%         N/A       96%         2
 Lesser Beckoning         Tloc           0%         N/A       96%         2
 Mercury Vapours          Alch/Air       0%         N/A       96%         2
 Scorch                   Fire           0%         2d5       96%         2
 Searing Ray              Conj           0%         2d4       96%         2
 Static Discharge         Conj/Air       0%         3-3/arc   96%         2
 Sublimation of Blood     Necr           0%         N/A       96%         2
 Call Canine Familiar     Summ           0%         N/A       99%         3
 Confusing Touch          Hex            0%         N/A       99%         3
 Dazzling Flash           Conj/Hex       0%         N/A       99%         3
 Frozen Ramparts          Ice            0%         1d1       99%         3
 Fugue of the Fallen      Necr           0%         N/A       99%         3
 Gell's Gravitas          Tloc           0%         N/A       99%         3
 Hailstorm                Conj/Ice       0%         3d5       99%         3
 Mephitic Cloud           Conj/Alch/Air  0%         N/A       99%         3
 Ozocubu's Armour         Ice            0%         N/A       99%         3
 Passwall                 Erth           0%         N/A       99%         3
 Sigil of Binding         Hex            0%         N/A       99%         3
 Stone Arrow              Conj/Erth      0%         3d7       99%         3
 Summon Ice Beast         Ice/Summ       0%         N/A       99%         3
 Teleport Other           Tloc           0%         N/A       99%         3
 Vampiric Draining        Necr           0%         2d6       99%         3
 Airstrike                Air            0%         2d(0-16)  100%        4
 Anguish                  Hex/Necr       0%         N/A       100%        4
 Animate Armour           Summ/Erth      0%         N/A       100%        4
 Animate Dead             Necr           0%         N/A       100%        4
 Brom's Barrelling Bould  Conj/Erth      0%         2d3       100%        4
 Cause Fear               Hex            0%         N/A       100%        4
 Dimensional Bullseye     Hex/Tloc       0%         N/A       100%        4
 Dispel Undead            Necr           0%         3d6       100%        4
 Flame Wave               Conj/Fire      0%         2d4       100%        4
 Fulminant Prism          Conj/Alch      0%         3d5       100%        4
 Ignite Poison            Fire/Alch      0%         N/A       100%        4
 Leda's Liquefaction      Alch/Erth      0%         N/A       100%        4
 Manifold Assault         Tloc           0%         N/A       100%        4
 Martyr's Knell           Necr/Summ      0%         N/A       100%        4
 Olgreb's Toxic Radiance  Alch           0%         N/A       100%        4
 Passage of Golubria      Tloc           0%         N/A       100%        4
 Petrify                  Alch/Erth      0%         N/A       100%        4
 Sticky Flame             Fire/Alch      0%         2d4       100%        4
 Summon Blazeheart Golem  Fire/Summ      0%         N/A       100%        4
 Summon Lightning Spire   Summ/Air       0%         N/A       100%        4
 Arcjolt                  Conj/Air       0%         1d10      100%        5
 Borgnjor's Vile Clutch   Necr/Erth      0%         N/A       100%        5
 Curse of Agony           Necr           0%         N/A       100%        5
 Fireball                 Conj/Fire      0%         3d3       100%        5
 Freezing Cloud           Conj/Ice/Air   0%         6-21      100%        5
 Irradiate                Conj/Alch      0%         3d11      100%        5
 Iskenderun's Battlesphe  Conj           0%         2d6       100%        5
 Lee's Rapid Deconstruct  Erth           0%         3d4*      100%        5
 Metabolic Englaciation   Hex/Ice        0%         N/A       100%        5
 Silence                  Hex/Air        0%         N/A       100%        5
 Summon Forest            Summ/Tloc      0%         N/A       100%        5
 Summon Mana Viper        Hex/Summ       0%         N/A       100%        5
 Bombard                  Conj/Erth      0%         9d1       100%        6
 Conjure Ball Lightning   Conj/Air       0%         3x3d6     100%        6
 Death Channel            Necr           0%         N/A       100%        6
 Dispersal                Tloc           0%         N/A       100%        6
 Eringya's Noxious Bog    Alch           0%         4d6       100%        6
 Plasma Beam              Fire/Air       0%         2x1d10    100%        6
 Sculpt Simulacrum        Ice/Alch       0%         N/A       100%        6
 Starburst                Conj/Fire      0%         6d3       100%        6
 Summon Cactus Giant      Summ           0%         N/A       100%        6
 Haunt                    Necr/Summ      0%         N/A       100%        7
 Monstrous Menagerie      Summ           0%         N/A       100%        7
 Orb of Destruction       Conj           0%         9d5       100%        7
 Spellforged Servitor     Conj/Summ      0%         N/A       100%        7
 Summon Hydra             Summ           0%         N/A       100%        7
 Disjunction              Tloc           0%         N/A       100%        8
 Ignition                 Fire           0%         3d3       100%        8
 Lehudib's Crystal Spear  Conj/Erth      0%         10d2      100%        8
 Maxwell's Capacitive Co  Air            0%         ∞         100%        8
 Summon Horrible Things   Summ           0%         N/A       100%        8
 Dragon's Call            Summ           0%         N/A       100%        9
 Polar Vortex             Ice            0%         N/A       100%        9
 Swiftness                Air            Unusable   N/A       N/A         3
 Vhi's Electric Charge    Tloc/Air       Unusable   N/A       N/A         4

Dungeon Overview and Level Annotations

Branches:
Dungeon (15/15)            Temple (1/1) D:5            Lair (5/5) D:8
  Swamp (4/4) Lair:3       Spider (4/4) Lair:3        Slime (1/5) Lair:4
    Orc (2/2) D:11            Elf (3/3) Orc:2        Vaults (5/5) D:14
  Crypt (3/3) Vaults:3       Tomb (1/3) Crypt:3      Depths (4/4) D:15
   Hell (visited)             Zot (5/5) Depths:4    Ossuary (visited)
  IceCv (visited)          WizLab (visited)
    Dis: Hell:1         Geh: Hell:1         Coc: Hell:1         Tar: Hell:1

Altars:
Ashenzari
Cheibriados
Dithmenos
Elyvilon
Fedhas
Gozag
Hepliaklqana
Kikubaaqudgha
Makhleb
Nemelex Xobeh
Okawaru
Qazlal
Ru
Sif Muna
Trog
Uskayaw
Vehumet
Wu Jian
Xom
Yredelemnul
Zin
The Shining One

Shops:
D:5 =   D:7 [   D:14 (   D:15 [   Orc:1 *   Orc:2 ([(*   Elf:1 (*?[!   Elf:2 **
Elf:3 =   Vaults:3 *   Depths:3 (   Depths:4 :

Portals:
Hell: Depths:1 Depths:2 Depths:3 Depths:4
Abyss: Depths:2 Depths:3
Pandemonium: Depths:1 Depths:2 Depths:3

Annotations:
Orc:2 2 transporters, chuckiee3's ghost, adept MiFi
Elf:2 3 runed translucent doors
Hell Geryon


Innate Abilities, Weirdness & Mutations

You cannot be hasted, slowed, berserked, paralysed or teleported.
You can dig through walls and to a lower floor.
You have a pair of large antennae on your head. (SInv)
Your four strong arms can wield two-handed weapons with a shield.
You have sharp toenails.
You are partially covered in iridescent scales. (AC +2)
You possess an exceptional clarity of mind.
You occasionally shout uncontrollably at your foes.
You are covered in fur. (AC +1)
Your spells are a little harder to cast, but a little more powerful.
You have hidden genetic potential.
Your health recovers twice as slowly from being drained.


Message History

You block the Executioner's attack. x2
You closely miss the Executioner.
Your +9 spectral demon trident hits the Executioner but does no damage.
You block the Executioner's attack. x3
You puncture the Executioner!
Your +9 spectral demon trident misses the Executioner.
The Executioner gestures.
The Executioner seems to speed up.
You hit the Executioner.
Your +9 spectral demon trident hits the Executioner!!!
The Executioner hits you!
The Executioner hits you but does no damage. x2
You block the Executioner's attack. The Executioner completely misses you.
The Executioner hits you but does no damage.
You puncture the Executioner!
You kill the Executioner!
Makhleb accepts your kill.
You feel better.
Your +9 spectral demon trident disappears.
Your Invocations skill increases to level 26!
The large abomination attacks as it pursues you!
You block the large abomination's attack.
There is a stone staircase leading up here.
You impale the large abomination!!
Your +9 spectral demon trident hits the large abomination from afar!!
You impale the large abomination!!
You destroy the large abomination!
Makhleb accepts your kill.
Your +9 spectral demon trident disappears.
What level of the Dungeon? (default 1, ? - help)
There is a stone staircase leading up here.
You climb upwards.
There is a stone staircase leading down here.
There is a stone staircase leading up here.
You climb upwards.
There is a stone staircase leading down here.
There is a stone staircase leading up here.
You climb upwards.
There is a stone staircase leading down here.
A rakshasa comes into view. It is wielding a +0 trident.
You block the rakshasa's attack. The rakshasa gestures at you.
The lance of force is repelled.
There is an open door here.
The rakshasa blinks!
There is an open door here.
The rakshasa blinks!
There is a staircase leading out of the dungeon here.
You can't go down here!
You have escaped!

.#....########...................
.#....# ################.#...#
.#....# ##~~~☼~~~~~## #.#.#...#
.#..R.# #~~~~~~~~~~~# #.#.#...#
.#....# #~~#~☼~~#~~~###.###)..#
......# #~~~○~~~~~~~#..........
......# #~~~~~~○~~~~#.#......##
#'##+##################.########
...........'....@....'....#....#
........§.#############...#.##.#
.........##~~○~~~~~~~~#...#.##.##
.........##~~~~~~~~°~~#...#.##...
.........##~~#~~○~#~~~#.........#
....)....##~~~~~~~~~☼~#..##.###.#
#'##'#######~~☼~~~~~~##.........#
#.##.##################...#.#....
#.##..................#...#.#.###


There were no monsters in sight!

Vanquished Creatures
  7 orbs of fire (Zot:4)
  6 dread liches
  Mennas (Vaults:4)
  5 ancient liches
  Mara (Spider:3)
  3 juggernauts
  4 Killer Klowns
  4 curse toes
  A caustic shrike (Depths:1)
  17 golden dragons
  4 bone dragons
  A Hellbinder (WizLab)
  Norris (Vaults:1)
  An iron giant (Depths:2)
  2 electric golems (Zot:5)
  Rupert (D:14)
  23 tentacled monstrosities
  2 deep elf blademasters (Elf:3)
  Asterion (Elf:1)
  27 Orb Guardians
  2 walking crystal tomes (Depths:3)
  5 titans
  13 sphinxes
  2 deep elf master archers (Elf:3)
  3 liches
  5 quicksilver dragons
  An Executioner (D:4)
  2 tentacled starspawn (Abyss:3)
  An acid blob (Slime:1)
  11 ancient champions
  6 death cobs
  7 thorn hunters
  19 storm dragons
  A demonspawn warmonger (D:10)
  Aizul (Spider:2)
  Roxanne (Spider:1)
  7 tengu reavers
  7 shadow dragons
  2 draconian knights
  A daeva (Depths:4)
  2 revenants
  5 protean progenitors
  6 draconian monks
  14 fire giants
  3 iron dragons
  13 frost giants
  7 emperor scorpions
  6 draconian shifters
  12 draconian scorchers
  10 deep elf sorcerers
  14 vault wardens
  5 ghost moths
  6 reapers
  4 balrugs
  4 deep elf elementalists (Elf:3)
  15 ghouls
  2 orc warlords
  2 formless jellyfish
  An angel (Depths:4)
  13 draconian annihilators
  2 draconian stormcallers
  6 spectral caustic shrikes (Depths:2)
  A curse skull (Crypt:2)
  27 ironbound preservers
  2 cacodemons
  16 very ugly things
  3 broodmothers
  A hydra skeleton (Swamp:4)
  18 stone giants
  7 caustic shrike skeletons
  2 spriggan defenders
  2 demonspawn black suns
  11 black draconians
  7 ironbound thunderhulks
  3 deep elf demonologists
  6 green draconians
  18 red draconians
  3 eleionomae
  13 deep elf death magi
  5 vampire knights
  8 white draconians
  6 purple draconians
  14 spark wasps
  3 war gargoyles
  3 yellow draconians
  5 bunyips
  Azrael (Spider:1)
  10 deep elf annihilators
  4 eidola (Crypt:3)
  A quicksilver dragon zombie (Crypt:2)
  2 green deaths
  2 blizzard demons
  9 ettins
  10 crystal guardians
  10 fire dragons
  19 yaktaur captains
  6 deep elf high priests
  27 hydras
  3 entropy weavers
  14 jiangshi
  27 vault guards
  3 great orbs of eyes
  4 hell beasts
  A sphinx zombie (Depths:2)
  4 ogre magi
  4 rakshasas
  A salamander tyrant (Depths:3)
  8 ice dragons
  3 catoblepae
  2 peacekeepers
  8 boulder beetles
  11 alligators
  A ghost crab (Swamp:3)
  5 spriggan air magi
  A merfolk aquamancer (Zig:4)
  A death knight (Crypt:2)
  A merfolk avatar (Zig:4)
  15 dancing weapons
  A bennu zombie (Crypt:1)
  17 centaur warriors
  21 two-headed ogres
  2 sphinx skeletons
  A spriggan skeleton (Crypt:3)
  3 radroaches
  2 jorogumos (Spider:4)
  A two-headed ogre (shapeshifter) (Vaults:5)
  7 deep troll shamans
  10 ironbound frosthearts
  5 tengu warriors
  6 death scarabs (Spider:4)
  2 fenstrider witch skeletons
  An azure jelly zombie (Crypt:3)
  7 hell hogs
  A satyr (Abyss:3)
  9 deep troll earth magi
  11 vampire magi
  A titan zombie (Depths:1)
  9 demonic crawlers
  Urug (D:11)
  5 orc high priests
  4 occultists (Depths:1)
  20 deep elf knights
  4 thrashing horrors (Abyss:3)
  6 spriggan berserkers
  2 storm dragon zombies
  7 hell knights
  7 sun demons
  Amaemon (D:9)
  2 wretched stars
  2 skysharks
  3 sixfirhies
  10 soul eaters
  10 iron trolls
  7 pharaoh ants
  A bunyip zombie (Crypt:2)
  3 shadow wraiths
  A spectral spark wasp (Depths:3)
  2 titan skeletons (Crypt:3)
  A spatial maelstrom (Zig:5)
  11 swamp dragons
  5 goliath frogs
  A cherub (Zot:3)
  A mana viper (shapeshifter) (Vaults:5)
  A sun moth (shapeshifter) (Vaults:1)
  22 skeletal warriors
  2 sun moths
  3 glowing orange brains
  3 flayed ghosts
  A shadow demon (WizLab)
  3 spectral hydras (Swamp:4)
  6 arcanists
  3 spriggan druids
  90 deep trolls
  8 orb spiders
  2 orb spiders (shapeshifter)
  8 bog bodies
  10 deep elf archers
  A glowing orange brain (shapeshifter) (Elf:1)
  24 ironbound convokers
  A broodmother zombie (Spider:4)
  A spectral wolf spider (Spider:4)
  10 steelbarb worms
  A bunyip skeleton (Crypt:3)
  3 starcursed masses (Abyss:3)
  13 lindwurms
  15 phantasmal warriors
  Pikel (D:8)
  A golden dragon skeleton (Depths:2)
  27 deep elf zephyrmancers
  2 steelbarb worms (shapeshifter)
  A wolf spider zombie (Spider:4)
  A shadow dragon zombie (Crypt:3)
  33 deep elf pyromancers
  11 necromancers
  17 orc knights
  10 harpies
  36 ugly things
  An iron dragon skeleton (Crypt:3)
  4 oklob plants
  A fire giant zombie (Vaults:4)
  A tengu zombie (Vaults:4)
  7 orc sorcerers
  11 manticores
  3 tengu skeletons
  14 cyclopes
  A jorogumo skeleton (Crypt:1)
  5 will-o-the-wisps
  20 wolf spiders
  A worldbinder (Abyss:3)
  A shadow dragon skeleton (Vaults:5)
  A human skeleton (Vaults:5)
  15 vault sentinels
  An elephant (shapeshifter) (D:15)
  14 elephants
  6 torpor snails
  7 meliai
  A meliai (shapeshifter) (D:11)
  36 moths of wrath
  6 smoke demons
  3 black mambas
  A kobold blastminer (Zig:3)
  An apocalypse crab (Abyss:3)
  A stone giant skeleton (Crypt:3)
  A rust devil (Depths:3)
  A water nymph (shapeshifter) (Depths:1)
  5 orange demons
  2 ice statues (IceCv)
  A torpor snail (shapeshifter) (Vaults:1)
  2 gargoyles
  A dire elephant skeleton (Crypt:1)
  16 cane toads
  2 centaur skeletons (Crypt:3)
  Maggie (D:8)
  A yaktaur zombie (Vaults:4)
  2 efreet
  7 large abominations
  Jeremiah (D:8)
  An alligator snapping turtle skeleton (Crypt:3)
  A bunyip simulacrum (Crypt:2)
  A rime drake (Lair:4)
  2 spectral redbacks (Spider:4)
  2 tormentors (WizLab)
  11 komodo dragons
  3 anaconda simulacra (IceCv)
  An unseen horror (Abyss:3)
  Psyche (D:8)
  10 ice devils
  4 freezing wraiths
  2 yaktaurs (shapeshifter)
  An orb spider zombie (Crypt:1)
  2 hellions
  A kobold demonologist (D:11)
  A redback zombie (Spider:4)
  41 yaktaurs
  5 trolls
  A merfolk (shapeshifter) (Vaults:1)
  5 tengu conjurers
  2 hydra zombies (Swamp:4)
  3 ancient zymes
  3 red devils
  6 hellwings
  4 polar bears
  Grinder (D:5)
  6 harpy skeletons (Crypt:3)
  5 saltlings (Orc:2)
  9 tyrant leeches
  A spectral culicivora (Spider:4)
  2 wind drakes (Zig:4)
  A spectral tarantella (Spider:4)
  A fire dragon zombie (Crypt:3)
  A culicivora zombie (Spider:4)
  A fire giant simulacrum (Vaults:5)
  20 hornets
  20 tarantellas
  14 blink frogs
  2 jumping spider zombies (Spider:4)
  A spectral jumping spider (Spider:4)
  14 dream sheep
  A dream sheep (shapeshifter) (Orc:2)
  An iron dragon simulacrum (Abyss:3)
  2 human simulacra
  A snapping turtle (shapeshifter) (Elf:3)
  An air elemental (Elf:2)
  32 jumping spiders
  3 ettin skeletons
  28 culicivoras
  4 shadows (D:11)
  2 ynoxinuls (Abyss:3)
  41 slime creatures
  28 spriggans
  A wyvern (shapeshifter) (D:13)
  4 water elementals
  32 yaks
  6 wraiths
  2 yaks (shapeshifter)
  Eustachio (D:4)
  3 basilisks
  5 wyverns
  6 fire elementals
  A dire elephant simulacrum (IceCv)
  51 redbacks
  3 steam dragons
  9 wargs
  9 vampire mosquitoes
  2 neqoxecs (Zig:5)
  12 swamp worms
  Menkaure (Ossuary)
  2 harpy simulacra (IceCv)
  7 hydra simulacra
  3 acid dragons
  15 water moccasins
  3 hell hounds (Spider:1)
  10 swamp drakes
  29 orc warriors
  An ice beast (D:8)
  3 naga skeletons (Crypt:3)
  2 black bears (shapeshifter)
  2 sky beasts
  4 black bears (Lair:5)
  4 swamp dragon zombies
  4 boggarts (Lair:5)
  12 laughing skulls
  3 swamp dragon skeletons
  33 wolves
  14 ogres
  17 centaurs
  A rime drake zombie (Crypt:2)
  7 kobold brigands
  An elf skeleton (Crypt:2)
  5 necrophages
  8 bullfrogs
  2 gnoll sergeants
  3 earth elementals
  2 cane toad simulacra (IceCv)
  A glowing shapeshifter simulacrum (Depths:2)
  3 small abominations (Abyss:3)
  A draconian skeleton (Crypt:2)
  3 scorpions
  20 wights
  21 killer bees
  An elephant simulacrum (IceCv)
  2 electric eels (D:9)
  2 vampire bats
  3 howler monkeys
  A yak skeleton (Crypt:3)
  2 bombardier beetles
  A centaur zombie (Crypt:2)
  17 orc priests
  A black bear zombie (Crypt:1)
  A hound (D:5)
  8 jellies
  Crazy Yiuf (D:3)
  A gnoll bouda (D:4)
  A sleepcap (D:6)
  4 iguanas
  26 orc wizards
  8 hell rats
  An acid dragon zombie (Crypt:3)
  A naga zombie (Crypt:3)
  3 mummies (Ossuary)
  11 gnolls
  2 swamp drake zombies (Swamp:4)
  8 adders
  A naga simulacrum (IceCv)
  A swamp drake skeleton (Crypt:2)
  6 white imps
  2 ribbon worms
  5 dart slugs
  4 fire bats
  64 orcs
  2 spectral bats (D:5)
  5 bat skeletons
  5 bat zombies
  14 endoplasms
  3 giant cockroaches
  5 goblins
  4 hobgoblins
  2 quokkas
  5 ball pythons
  13 bats
  A bat simulacrum (D:7)
  3 frilled lizards
  3 gnoll skeletons (Ossuary)
  3 gnoll zombies (Ossuary)
  A goblin skeleton (Ossuary)
  5 goblin zombies (Ossuary)
  3 hobgoblin skeletons (Ossuary)
  4 hobgoblin zombies (Ossuary)
  9 kobolds
  2 kobold skeletons (Ossuary)
  4 kobold zombies (Ossuary)
  12 orc skeletons (Ossuary)
  6 orc zombies (Ossuary)
  4 rats
  5 rat skeletons
  4 rat zombies
  3 aspiring fleshes
  A lurking horror (Abyss:3)
  A starspawn tentacle (Abyss:3)
2646 creatures vanquished.

Vanquished Creatures (collateral kills)
  Jorgrun (D:12)
  Mlioglotl (Spider:4)
  2 green deaths
  An entropy weaver (Spider:2)
  A hydra (Swamp:3)
  A great orb of eyes (Vaults:2)
  3 death scarabs (Spider:4)
  A spriggan (Lair:3)
  3 skysharks
  Sonja (Orc:1)
  A pharaoh ant (Spider:4)
  2 deep trolls (Vaults:3)
  4 lindwurms (Vaults:1)
  A wolf spider zombie (Spider:4)
  A rust devil (WizLab)
  2 smoke demons (WizLab)
  A yaktaur (Vaults:3)
  A tormentor (WizLab)
  A spectral jumping spider (Spider:4)
  2 tarantellas
  A hornet (Lair:3)
  A jumping spider zombie (Spider:4)
  A tyrant leech (Lair:3)
  3 slime creatures (Vaults:1)
  A jumping spider (Spider:4)
  2 yaks (Lair:3)
  3 redbacks
  A swamp worm (Swamp:4)
  A swamp drake (Lair:3)
  2 orc warriors (Orc:1)
  4 ogres (Orc:1)
  2 orc priests (Orc:1)
  2 orc wizards (Orc:1)
  7 orcs (Orc:1)
62 creatures vanquished.

Vanquished Creatures (others)
  A draconian scorcher (Zot:4)
  A white draconian (Zot:3)
  A vampire knight (Depths:4)
  2 deep trolls (Vaults:3)
  A deep elf zephyrmancer (Elf:1)
  2 bloated husks
  2 water elementals
  2 hell rats (Hell)
  An orc wizard (Orc:2)
  18 foxfires
  104 spectral weapons
  7 starspawn tentacles (Abyss:3)
142 creatures vanquished.

Grand Total: 2850 creatures vanquished

Notes
Turn   | Place    | Note
-------+----------+-------------------------------------------
     0 | D:5      | James the Formicid Delver began the quest for the Orb.
     0 | D:5      | Reached XP level 1. HP: 18/18 MP: 1/1
   117 | D:5      | Identified the +0 leather armour of the Devil's Team {rF++
                  | Str+3 Int+2}
   158 | D:4      | Noticed a gnoll bouda
   328 | D:2      | Reached XP level 2. HP: 21/24 MP: 2/2
   409 | D:2      | Identified the +6 trident of Qeill {drain, rN+ Int+3
                  | Stlth-}
   612 | D:1      | Reached XP level 3. HP: 29/29 MP: 3/3
  1242 | D:2      | Reached XP level 4. HP: 35/35 MP: 4/4
  1484 | D:3      | Reached XP level 5. HP: 37/41 MP: 5/5
  1551 | D:3      | Found a faded altar of an unknown god.
  1558 | D:3      | Prayed at the altar of an unknown god.
  1558 | D:3      | Became a worshipper of Makhleb the Destroyer
  1558 | D:3      | Reached * piety under Makhleb
  1581 | D:3      | Reached skill level 5 in Polearms
  1723 | D:3      | Found a runed translucent door.
  1724 | D:3      | Noticed Crazy Yiuf
  1733 | D:3      | Killed Crazy Yiuf
  1734 | D:3      | Reached XP level 6. HP: 47/47 MP: 6/6
  2131 | D:4      | Noticed Eustachio
  2133 | D:4      | Reached ** piety under Makhleb
  2142 | D:4      | Killed Eustachio
  2143 | D:4      | Reached XP level 7. HP: 43/52 MP: 7/7
  2783 | D:4      | Identified a scroll of acquirement
  2783 | D:4      | Acquired a manual of Dodging
  2878 | D:5      | Reached skill level 1 in Armour
  3115 | D:5      | Noticed Grinder
  3127 | D:5      | Killed Grinder
  3128 | D:5      | Reached XP level 8. HP: 57/60 MP: 8/8
  3339 | D:5      | Found Gets's Jewellery Shoppe.
  3580 | D:5      | Found a staircase to the Ecumenical Temple.
  3588 | Temple   | Entered the Ecumenical Temple
  3894 | D:6      | Noticed a two-headed ogre
  3916 | D:6      | Killed a two-headed ogre
  3917 | D:6      | Reached skill level 5 in Fighting
  3917 | D:6      | Reached skill level 5 in Dodging
  3917 | D:6      | Reached XP level 9. HP: 66/68 MP: 9/9
  3962 | D:6      | Found a blossoming altar of Fedhas.
  4169 | D:6      | Reached skill level 10 in Polearms
  4179 | D:6      | Reached *** piety under Makhleb
  4576 | D:7      | Found Inimuhob's Armour Boutique.
  4753 | D:7      | Found a sand-covered staircase.
  4758 | Ossuary  | Entered an ossuary
  4913 | Ossuary  | Reached **** piety under Makhleb
  5025 | Ossuary  | Noticed Menkaure
  5030 | Ossuary  | Killed Menkaure
  5031 | Ossuary  | Reached skill level 1 in Invocations
  5150 | D:7      | Got the Compendium of Skeletons
  5528 | D:7      | Reached XP level 10. HP: 64/74 MP: 11/11
  6023 | D:8      | Found a staircase to the Lair.
  6037 | D:8      | Noticed Psyche
  6048 | D:8      | Noticed Pikel
  6057 | D:8      | Killed Pikel
  6277 | D:8      | Reached skill level 5 in Invocations
  6407 | D:8      | Found a shimmering blue altar of Sif Muna.
  6479 | D:8      | Noticed Jeremiah
  6486 | D:8      | Killed Jeremiah
  6492 | D:8      | Noticed a two-headed ogre
  6511 | D:8      | Killed a two-headed ogre
  6516 | D:8      | Reached ***** piety under Makhleb
  6538 | D:8      | Reached XP level 11. HP: 79/79 MP: 15/15
  6741 | D:9      | Noticed Amaemon
  6764 | D:9      | Killed Amaemon
  7071 | D:9      | Noticed a manticore
  7398 | D:9      | Noticed a brown ugly thing
  7414 | D:9      | Killed a brown ugly thing
  7446 | D:9      | Noticed a meliai
  7450 | D:9      | Killed a meliai
  7455 | D:9      | Identified the +3 ring mail of Awe {Int+7}
  7593 | D:9      | Found a burning altar of Makhleb.
  7594 | D:9      | Found a shadowy altar of Dithmenos.
  7595 | D:9      | Found a glowing golden altar of the Shining One.
  7870 | D:9      | Noticed a green ugly thing
  7881 | D:9      | Killed a green ugly thing
  8024 | D:9      | Found a bloodstained altar of Trog.
  8220 | D:9      | Killed a manticore
  8286 | D:9      | Got the Almanac of Cold
  8298 | D:9      | Noticed a centaur warrior
  8298 | D:9      | Noticed a five-headed hydra
  8298 | D:9      | Noticed a deep elf pyromancer
  8364 | D:10     | Entered Level 10 of the Dungeon
  8952 | D:10     | Noticed a two-headed ogre
  8966 | D:10     | Killed a two-headed ogre
  8967 | D:10     | Reached XP level 12. HP: 87/87 MP: 19/19
  9149 | D:10     | Found an ornate altar of the Wu Jian Council.
  9164 | D:10     | Reached skill level 5 in Armour
  9792 | D:11     | Found a staircase to the Orcish Mines.
 10100 | D:11     | Reached skill level 15 in Polearms
 10100 | D:11     | Reached skill level 10 in Invocations
 10100 | D:11     | Reached XP level 13. HP: 34/96 MP: 20/20
 10316 | D:11     | Noticed Urug
 10327 | D:11     | Killed Urug
 10635 | Lair:1   | Entered Level 1 of the Lair of Beasts
 11351 | Lair:1   | Identified the +4 robe "Faimpa" {-Tele Str+8}
 11720 | Lair:1   | Noticed a five-headed hydra
 11732 | Lair:1   | Killed a five-headed hydra
 12149 | Lair:2   | Reached XP level 14. HP: 99/106 MP: 22/22
 12214 | Lair:2   | Got the Papyrus of the Destined Brume
 12672 | Lair:3   | Reached skill level 10 in Dodging
 12701 | Lair:3   | Found a hole to the Spider Nest.
 12710 | Lair:3   | Found a staircase to the Swamp.
 13433 | D:5      | Bought a +4 ring of slaying for 936 gold pieces
 14367 | Lair:4   | Reached ****** piety under Makhleb
 14521 | Lair:4   | Found the ring of the Hare {EV+10}
 14523 | Lair:4   | Identified the amulet "Fiva" {Spirit rF+ Will+}
 14845 | Lair:4   | Found a staircase to the Slime Pits.
 15832 | Lair:5   | Entered Level 5 of the Lair of Beasts
 15965 | Lair:5   | Reached XP level 15. HP: 115/115 MP: 24/24
 16304 | Lair:5   | Reached skill level 10 in Fighting
 16553 | Lair:5   | Reached skill level 1 in Shields
 16670 | Lair:5   | Reached skill level 5 in Shields
 17611 | D:8      | Noticed Maggie
 17616 | D:8      | Killed Psyche
 17621 | D:8      | Killed Maggie
 18192 | D:11     | Reached skill level 10 in Armour
 18235 | D:11     | Identified the amulet of the Townfolk {RegenMP Dex+3
                  | Slay+4}
 18564 | D:12     | Noticed Jorgrun
 18573 | D:12     | Killed Jorgrun
 19128 | D:12     | Reached XP level 16. HP: 124/124 MP: 25/25
 19137 | D:12     | Got the Vellum of Combed Thunderclap
 19144 | D:12     | Got the Cyclopedia of Plaster Cramp
 19168 | D:12     | Got the Spellbook of Axaxaxas mlö
 19676 | Orc:1    | Entered Level 1 of the Orcish Mines
 19676 | Orc:1    | Noticed Sonja
 19691 | Orc:1    | Killed Sonja
 19710 | Orc:1    | Found Zidoux's General Store.
 20504 | Orc:2    | Entered Level 2 of the Orcish Mines
 20505 | Orc:2    | Found a transporter.
 20510 | Orc:2    | Found a transporter.
 20547 | Orc:2    | Found a staircase to the Elven Halls.
 20572 | Orc:2    | Found a frozen archway.
 20605 | IceCv    | Entered an ice cave
 22033 | Orc:2    | Noticed chuckiee3's ghost (adept MiFi)
 22037 | Orc:2    | Found a bloodstained altar of Trog.
 22339 | Orc:2    | Found Yvicw's General Store.
 22407 | Orc:2    | Found Huaffyzuju's Weapon Shoppe.
 22543 | Orc:2    | Found Nijiex's Armour Shoppe.
 22601 | Orc:2    | Reached XP level 17. HP: 72/133 MP: 12/28
 22904 | Orc:2    | Found Lunafo's Antique Weapon Shoppe.
 24351 | D:14     | Identified the ring "Xitian" {Fly Dex+2}
 24423 | D:14     | Reached skill level 15 in Invocations
 24483 | D:14     | Noticed Rupert
 24533 | D:14     | Killed Rupert
 24990 | D:14     | Found a gate to the Vaults.
 25072 | D:14     | Found Koalusyn's Weapon Boutique.
 25229 | D:14     | Found an ancient bone altar of Kikubaaqudgha.
 25403 | D:15     | Entered Level 15 of the Dungeon
 25430 | D:15     | Reached skill level 1 in Evocations
 25827 | D:15     | Found Isong's Antique Armour Emporium.
 26342 | D:15     | Found a staircase to the Depths.
 26614 | D:15     | Bought a pair of glowing boots for 180 gold pieces
 26628 | D:15     | Bought a glowing plate armour for 624 gold pieces
 26833 | Swamp:1  | Entered Level 1 of the Swamp
 26887 | Swamp:1  | Reached XP level 18. HP: 143/143 MP: 29/29
 27265 | Lair:3   | Reached skill level 5 in Evocations
 28409 | Swamp:2  | Identified the +3 scale mail of Wuom {MP+9}
 30229 | Swamp:4  | Entered Level 4 of the Swamp
 31318 | Swamp:4  | Reached XP level 19. HP: 135/153 MP: 22/31
 31887 | Swamp:4  | Found a blossoming altar of Fedhas.
 31920 | Swamp:4  | Found a basalt altar of Yredelemnul.
 31932 | Swamp:4  | Got a decaying rune of Zot
 32140 | Swamp:4  | HP: 5/153 [oklob plant/splash of acid (15)]
 33102 | Spider:1 | Entered Level 1 of the Spider Nest
 33383 | Spider:1 | Noticed Roxanne
 34151 | Spider:1 | Noticed Azrael
 34187 | Spider:1 | Killed Azrael
 34284 | Spider:1 | Identified the +1 robe of the Garden {rF+ Str+8 Int-4
                  | Slay-3}
 35583 | Spider:2 | Reached skill level 15 in Fighting
 35695 | Spider:2 | Identified the serpent talisman of Distant Worlds {Int-2
                  | Dex+2 SInv}
 35695 | Spider:2 | Noticed Aizul
 35723 | Spider:2 | Killed Aizul
 36342 | Spider:3 | Noticed Mara
 36344 | Spider:3 | Noticed James's illusion
 36380 | Spider:3 | Noticed James's illusion
 37788 | Spider:3 | Reached skill level 15 in Armour
 37797 | Spider:4 | Entered Level 4 of the Spider Nest
 37806 | Spider:3 | Reached XP level 20. HP: 140/142 MP: 32/32
 40830 | Spider:4 | Noticed Mlioglotl
 40856 | Spider:4 | Killed Mlioglotl
 40935 | Spider:4 | Got a gossamer rune of Zot
 40946 | Spider:4 | Identified the +0 pair of boots of Qazlal's Pride {rN++
                  | Stlth+}
 41201 | Spider:3 | Noticed James's illusion
 41587 | Spider:1 | Killed Roxanne
 42035 | Vaults:1 | Entered Level 1 of the Vaults
 42524 | Vaults:1 | Reached XP level 21. HP: 166/171 MP: 32/34
 42582 | Vaults:1 | Reached skill level 10 in Shields
 43210 | Vaults:1 | Acquired 726 gold pieces
 43552 | Vaults:1 | Noticed Norris
 43573 | Vaults:1 | Killed Norris
 43698 | Vaults:1 | Reached skill level 15 in Shields
 44423 | Vaults:1 | Noticed a golden dragon
 44430 | Vaults:1 | Killed a golden dragon
 45027 | Vaults:2 | HP: 6/171 [vault warden/+1 war axe of venom (43)]
 45496 | Vaults:2 | Reached XP level 22. HP: 161/178 MP: 31/35
 47146 | Vaults:3 | Found Uneul's Assorted Antiques.
 48554 | Vaults:3 | Found a staircase to the Crypt.
 48831 | Vaults:4 | Noticed Mennas
 49444 | Elf:1    | Entered Level 1 of the Elven Halls
 49632 | Elf:1    | Found Ogrib's Armour Emporium.
 49748 | Elf:1    | Noticed Asterion
 49756 | Elf:1    | Gained mutation: You are weak. (Str -2) [a cacodemon]
 49759 | Elf:1    | Gained mutation: Your body sometimes deteriorates upon
                  | taking damage. [a cacodemon]
 49760 | Elf:1    | Gained mutation: You have hidden genetic defects. [a
                  | cacodemon]
 49928 | Elf:1    | Killed Asterion
 50403 | Elf:1    | Reached XP level 23. HP: 174/184 MP: 31/36
 50453 | Elf:1    | Found Oruf's General Store.
 50515 | Elf:1    | Identified the +7 dagger "Pukapao" {vamp, rF++}
 50677 | Elf:1    | Got Nuleitwi's Book of the Mackerel
 50694 | Elf:1    | Found Sanip's Magic Scroll Boutique.
 50713 | Elf:1    | Found Dociug's Weapon Shop.
 50833 | Elf:1    | Found Wuxali's Distillery.
 50842 | Elf:1    | Bought a potion of might for 64 gold pieces
 50842 | Elf:1    | Bought a potion of magic for 128 gold pieces
 50900 | Elf:1    | Lost mutation: You are weak. (Str -2) [potion of mutation]
 50900 | Elf:1    | Lost mutation: You have hidden genetic defects. [potion of
                  | mutation]
 50900 | Elf:1    | Gained mutation: You occasionally lose the ability to read
                  | scrolls when taking damage. [potion of mutation]
 50900 | Elf:1    | Gained mutation: You are somewhat resistant to further
                  | mutation. [potion of mutation]
 50902 | Elf:1    | Lost mutation: You are somewhat resistant to further
                  | mutation. [potion of mutation]
 50902 | Elf:1    | Lost mutation: Your body sometimes deteriorates upon taking
                  | damage. [potion of mutation]
 50902 | Elf:1    | Lost mutation: You occasionally lose the ability to read
                  | scrolls when taking damage. [potion of mutation]
 50902 | Elf:1    | Gained mutation: Potions are less effective at restoring
                  | your health. [potion of mutation]
 50902 | Elf:1    | Gained mutation: Your natural rate of healing is unusually
                  | fast. [potion of mutation]
 51209 | Elf:2    | Found a runed translucent gate.
 51210 | Elf:2    | Found a runed translucent gate.
 51210 | Elf:2    | Found a runed translucent gate.
 51223 | Elf:2    | Found Aiocen's Alliterative Armaments.
 51230 | Elf:2    | Found Joisauwk's General Store.
 51375 | Elf:3    | Entered Level 3 of the Elven Halls
 51515 | Elf:3    | Found a radiant altar of Vehumet.
 51672 | Elf:3    | Found Cacamofe's Jewellery Shoppe.
 52126 | Elf:3    | Found Cacamofe's Jewellery Shoppe.
 52154 | Elf:3    | Found a radiant altar of Vehumet.
 52391 | Elf:3    | Identified the +7 falchion of Waonyneng {antimagic,
                  | ^Fragile Will++ Stlth+}
 52751 | Elf:3    | Identified the +5 broad axe of Pukuk {spect, Fly rPois rC-
                  | MP+9}
 53089 | Elf:3    | Got Sif Muna's Vellum of the Subzero Congregation
 53091 | Elf:3    | Identified the +1 long sword of the Vaults {protect, Str+3}
 53188 | Elf:3    | Got the Almanac of the Brume and Detritus
 53191 | Elf:3    | Identified the +4 ring mail "Famac" {Dex+2}
 53275 | Elf:3    | Identified the +1 ring mail of Inference {Will+}
 53426 | Elf:3    | Found a radiant altar of Vehumet.
 53511 | Elf:3    | Found Cacamofe's Jewellery Shoppe.
 54083 | Vaults:4 | Reached XP level 24. HP: 195/195 MP: 36/36
 54151 | Vaults:4 | Identified the +1 battleaxe of Icudeutehi {flame, Dex+3}
 54314 | Vaults:4 | Killed Mennas
 54758 | Vaults:4 | Identified the +3 scale mail of Foolhardiness {*Corrode
                  | rC++ Dex+3}
 55181 | Depths:1 | Entered Level 1 of the Depths
 55261 | Depths:1 | Found a gateway to Hell.
 55344 | Depths:1 | Found a magical portal.
 55362 | WizLab   | Entered The Hall of the Hellbinder
 55392 | WizLab   | Noticed a dread lich
 55412 | WizLab   | Killed a dread lich
 55576 | WizLab   | Got Ozxah's Thoughts on the Legion
 55829 | WizLab   | Found a burning altar of Makhleb.
 55845 | WizLab   | Identified the +2 robe "Ufryfo" {rF+ rC+ rCorr}
 55869 | WizLab   | Got Ratineebb's Catalogue of Company
 55871 | WizLab   | Identified the ring of Aras {Str+6 Int+3 Stlth+}
 56209 | Depths:1 | Identified the +6 ring mail of the Slug {rC- Str+4 Int+5}
 56336 | Depths:1 | Found a one-way gate leading to the halls of Pandemonium.
 56545 | Depths:1 | Reached XP level 25. HP: 198/203 MP: 34/37
 56795 | Depths:1 | Noticed a juggernaut
 56811 | Depths:1 | Killed a juggernaut
 56958 | Depths:1 | Noticed a juggernaut
 56964 | Depths:1 | Killed a juggernaut
 56968 | Depths:1 | Noticed a caustic shrike
 56974 | Depths:1 | Killed a caustic shrike
 57032 | Depths:1 | Identified the staff "Usehiott" {rPois rN+++ Str-4 Int+9
                  | Dex-5 Alchemy}
 58682 | Depths:2 | Found a one-way gate to the infinite horrors of the Abyss.
 58843 | Depths:3 | Reached XP level 26. HP: 213/213 MP: 37/37
 59739 | Depths:3 | Found Taysexato's Weapon Emporium.
 60211 | Depths:4 | Entered Level 4 of the Depths
 60211 | Depths:4 | Found Igurump's Book Boutique.
 60513 | Depths:4 | Identified the +6 sling "Ged Quce" {heavy, Dex+5 SInv}
 60596 | Depths:4 | Found a gate to the Realm of Zot.
 60644 | Depths:4 | Noticed a juggernaut
 60658 | Depths:3 | Killed a juggernaut
 61161 | Depths:4 | Found a one-way gateway to a ziggurat.
 61707 | Crypt:1  | Entered Level 1 of the Crypt
 62690 | Crypt:2  | Reached XP level 27. HP: 223/223 MP: 38/38
 63351 | Crypt:3  | Entered Level 3 of the Crypt
 63767 | Crypt:3  | Found a staircase to the Tomb.
 63768 | Crypt:3  | Identified the +0 scale mail of Disaster {Rampage rC+
                  | Dex+3}
 63776 | Tomb:1   | Entered Level 1 of the Tomb of the Ancients
 64682 | Crypt:3  | Noticed an ancient lich
 64687 | Crypt:3  | Killed an ancient lich
 64725 | Crypt:3  | Identified the +2 leather armour of Distant Worlds {Harm
                  | rF++ Int-5 Dex+3}
 64729 | Crypt:3  | Identified the staff of Dung {rF+ rCorr Earth}
 64745 | Crypt:3  | Acquired the ring of Thoughtfulness {rElec rCorr Str+3
                  | Dex+6}
 64749 | Crypt:3  | Identified the ring of Jealousy {rPois rN+}
 64752 | Crypt:3  | Identified the +1 rapier "Gigon" {flame, rN+ Int+3 Dex-4}
 64988 | Vaults:5 | Entered Level 5 of the Vaults
 65025 | Vaults:5 | Identified the ring "Jaorr" {Fly rF- rCorr AC+4}
 65043 | Vaults:5 | Identified the ring of Ubent {Ice Str+3 Int+4}
 65772 | Vaults:5 | Identified the +5 lajatang of Crusades {elec, rElec rPois
                  | rN+ Str-3}
 65830 | Vaults:5 | Noticed a dread lich
 65841 | Vaults:5 | Killed a dread lich
 66076 | Vaults:5 | Got a silver rune of Zot
 66126 | Vaults:5 | Got the Notes on Effluvium and Breath
 66128 | Vaults:5 | Found the +3 greatsling "Punk" {acid, rCorr}
 66883 | Zig:1    | Entered Level 1 of a ziggurat
 66897 | Zig:2    | Entered Level 2 of a ziggurat
 66927 | Zig:3    | Entered Level 3 of a ziggurat
 66971 | Zig:4    | Entered Level 4 of a ziggurat
 67041 | Zig:5    | Entered Level 5 of a ziggurat
 67204 | Zig:5    | Identified the ring of Jeifikih {+Blink Will+ Int-5 Dex-2
                  | SInv}
 67206 | Zig:5    | Identified the +0 kite shield "Uzeuniuff" {Dex+4}
 67210 | Zig:5    | Identified the +6 rapier of Hefyfa {protect, rC+ Dex+7}
 67486 | Slime:1  | Entered Level 1 of the Pits of Slime
 67821 | Zot:1    | Entered Level 1 of the Realm of Zot
 68423 | Zot:1    | Identified the +1 leather armour "Azxexavi" {Rampage Will+
                  | Str+2}
 70427 | Zot:3    | Reached skill level 27 in Shields
 70964 | Zot:4    | Noticed a Killer Klown
 70970 | Zot:4    | Killed a Killer Klown
 71533 | Zot:4    | Noticed a Killer Klown
 71542 | Abyss:3  | Found a corrupted altar of Lugonu.
 71542 | Abyss:3  | Cast into level 3 of the Abyss (Killer Klown)
 71739 | Abyss:3  | Got an abyssal rune of Zot
 71797 | Zot:4    | Escaped the Abyss
 71814 | Zot:4    | Killed a Killer Klown
 71884 | Zot:4    | Noticed an orb of fire
 71902 | Zot:4    | Killed an orb of fire
 72606 | Zot:4    | Noticed an orb of fire
 72618 | Zot:4    | Killed an orb of fire
 72707 | Zot:4    | Noticed an orb of fire
 72710 | Zot:4    | Gained mutation: You are frail. (-10% HP) [an orb of fire]
 72720 | Zot:4    | Killed an orb of fire
 72803 | Zot:4    | Found a faded altar of an unknown god.
 72825 | Zot:4    | Identified the +7 dagger of the Sky {antimagic, rF+}
 72832 | Zot:4    | Identified the +2 fire dragon scales of the Hills {^Drain
                  | rF++ rC- Regen+ Slay+3}
 73147 | Zot:5    | Entered Level 5 of the Realm of Zot
 73325 | Zot:5    | Reached skill level 27 in Armour
 73934 | Spider:3 | Killed Mara
 74681 | Hell     | Entered the Vestibule of Hell
 74681 | Hell     | Noticed Geryon
 74751 | Depths:1 | Gained mutation: Armour fits poorly on your strangely
                  | shaped body. [a cacodemon]
 74981 | Depths:1 | HP: 10/211 [barbs]
 75122 | Depths:1 | Lost mutation: Armour fits poorly on your strangely shaped
                  | body. [potion of mutation]
 75122 | Depths:1 | Lost mutation: Your natural rate of healing is unusually
                  | fast. [potion of mutation]
 75122 | Depths:1 | Lost mutation: You are frail. (-10% HP) [potion of
                  | mutation]
 75122 | Depths:1 | Gained mutation: Your skin changes colour to match your
                  | surroundings (Stealth+). [potion of mutation]
 75123 | Depths:1 | Lost mutation: Potions are less effective at restoring your
                  | health. [potion of mutation]
 75123 | Depths:1 | Lost mutation: Your skin changes colour to match your
                  | surroundings (Stealth+). [potion of mutation]
 75123 | Depths:1 | Gained mutation: You have large cloven feet. [potion of
                  | mutation]
 75123 | Depths:1 | Gained mutation: Your muscles are strong. (Str +4, Int/Dex
                  | -1) [potion of mutation]
 75451 | Zot:5    | Noticed an orb of fire
 75453 | Zot:5    | Gained mutation: Your spells are a little harder to cast,
                  | but a little more powerful. [an orb of fire]
 75455 | Zot:5    | Noticed an ancient lich
 75457 | Zot:5    | Noticed an orb of fire
 75459 | Zot:5    | Noticed an orb of fire
 75464 | Zot:4    | Gained mutation: You occasionally shout uncontrollably at
                  | your foes. [an orb of fire]
 75472 | Zot:4    | Killed an orb of fire
 75551 | Zot:5    | Noticed a dread lich
 75555 | Zot:4    | Lost mutation: Your muscles are strong. (Str +4, Int/Dex
                  | -1) [an orb of fire]
 75570 | Zot:4    | Killed an orb of fire
 75590 | Zot:5    | Noticed a dread lich
 75599 | Zot:4    | Killed an orb of fire
 75689 | Zot:4    | Killed an ancient lich
 75734 | Zot:4    | Killed a dread lich
 75770 | Zot:5    | Noticed an orb of fire
 75783 | Zot:5    | Noticed a dread lich
 75790 | Zot:5    | Killed a dread lich
 75794 | Zot:5    | Noticed a dread lich
 75907 | Zot:4    | Killed a dread lich
 75910 | Zot:5    | Gained mutation: Potions are less effective at restoring
                  | your health. [an orb of fire]
 75910 | Zot:5    | Noticed an ancient lich
 75910 | Zot:5    | Gained mutation: You do not regenerate when monsters are
                  | visible. [an orb of fire]
 75917 | Zot:4    | Killed a dread lich
 75924 | Zot:5    | Gained mutation: Your magical capacity is low. (-10% MP)
                  | [an orb of fire]
 75928 | Zot:4    | Gained mutation: You are dopey. (Int -2) [an orb of fire]
 75931 | Zot:4    | Gained mutation: You are weak. (Str -2) [an orb of fire]
 75939 | Zot:4    | Killed an orb of fire
 76005 | Zot:5    | Killed an ancient lich
 76007 | Zot:5    | Noticed a Killer Klown
 76016 | Zot:5    | Killed a Killer Klown
 76092 | Zot:5    | Noticed a Killer Klown
 76098 | Zot:5    | Noticed an ancient lich
 76106 | Zot:5    | Killed an ancient lich
 76112 | Zot:5    | Noticed an ancient lich
 76679 | Zot:4    | Lost mutation: Potions are less effective at restoring your
                  | health. [potion of mutation]
 76679 | Zot:4    | Lost mutation: You are weak. (Str -2) [potion of mutation]
 76679 | Zot:4    | Gained mutation: Your skin changes colour to match your
                  | surroundings (Stealth+). [potion of mutation]
 76679 | Zot:4    | Gained mutation: You are partially covered in iridescent
                  | scales. (AC +2) [potion of mutation]
 76679 | Zot:4    | Gained mutation: You are agile. (Dex +4, Str/Int -1)
                  | [potion of mutation]
 76680 | Zot:4    | Lost mutation: You have large cloven feet. [potion of
                  | mutation]
 76680 | Zot:4    | Lost mutation: You occasionally shout uncontrollably at
                  | your foes. [potion of mutation]
 76680 | Zot:4    | Lost mutation: You are agile. (Dex +4, Str/Int -1) [potion
                  | of mutation]
 76680 | Zot:4    | Gained mutation: Your health recovers twice as slowly from
                  | being drained. [potion of mutation]
 76680 | Zot:4    | Gained mutation: Your spells are harder to cast, but more
                  | powerful. [potion of mutation]
 76680 | Zot:4    | Gained mutation: You are clumsy. (Dex -2) [potion of
                  | mutation]
 76681 | Zot:4    | Lost mutation: You are dopey. (Int -2) [potion of mutation]
 76681 | Zot:4    | Lost mutation: You are clumsy. (Dex -2) [potion of
                  | mutation]
 76681 | Zot:4    | Gained mutation: Your spells are much harder to cast, but
                  | much more powerful. [potion of mutation]
 76681 | Zot:4    | Lost mutation: Your skin changes colour to match your
                  | surroundings (Stealth+). [potion of mutation]
 76681 | Zot:4    | Gained mutation: You are strong-willed. (Will+) [potion of
                  | mutation]
 76682 | Zot:4    | Lost mutation: Your health recovers twice as slowly from
                  | being drained. [potion of mutation]
 76682 | Zot:4    | Lost mutation: You are strong-willed. (Will+) [potion of
                  | mutation]
 76682 | Zot:4    | Lost mutation: Your magical capacity is low. (-10% MP)
                  | [potion of mutation]
 76682 | Zot:4    | Gained mutation: Your flesh is cold resistant. (rC+)
                  | [potion of mutation]
 76682 | Zot:4    | Gained mutation: You have sharp toenails. [potion of
                  | mutation]
 76715 | Zot:5    | Killed an ancient lich
 76842 | Zot:5    | Killed a Killer Klown
 78072 | Zot:5    | Lost mutation: Your spells are much harder to cast, but
                  | much more powerful. [potion of mutation]
 78072 | Zot:5    | Lost mutation: You have sharp toenails. [potion of
                  | mutation]
 78072 | Zot:5    | Lost mutation: Your spells are harder to cast, but more
                  | powerful. [potion of mutation]
 78072 | Zot:5    | Gained mutation: You have hidden genetic potential. [potion
                  | of mutation]
 78072 | Zot:5    | Gained mutation: You are clumsy. (Dex -2) [potion of
                  | mutation]
 78072 | Zot:5    | Lost mutation: You are clumsy. (Dex -2) [potion of
                  | mutation]
 78072 | Zot:5    | Gained mutation: You are resistant to electric shocks.
                  | (rElec) [potion of mutation]
 78073 | Zot:5    | Lost mutation: Your flesh is cold resistant. (rC+) [potion
                  | of mutation]
 78073 | Zot:5    | Lost mutation: You are resistant to electric shocks.
                  | (rElec) [potion of mutation]
 78073 | Zot:5    | Gained mutation: You possess an exceptional clarity of
                  | mind. [potion of mutation]
 78073 | Zot:5    | Gained mutation: You occasionally shout uncontrollably at
                  | your foes. [potion of mutation]
 78073 | Zot:5    | Gained mutation: Your health recovers twice as slowly from
                  | being drained. [potion of mutation]
 78073 | Zot:5    | Gained mutation: Your movements are slightly less
                  | encumbered by armour. (ER -2) [potion of mutation]
 78074 | Zot:5    | Lost mutation: Your movements are slightly less encumbered
                  | by armour. (ER -2) [potion of mutation]
 78074 | Zot:5    | Lost mutation: You do not regenerate when monsters are
                  | visible. [potion of mutation]
 78074 | Zot:5    | Gained mutation: You have sharp toenails. [potion of
                  | mutation]
 78074 | Zot:5    | Gained mutation: You are covered in fur. (AC +1) [potion of
                  | mutation]
 78090 | Zot:5    | Got the Orb of Zot
 78604 | D:$      | Escaped with the Orb!

Illustrated notes

Levels and vault maps discovered:
D:1:      saegor_arrival_miasma, layout_basic
D:2:      layout_rooms, kennysheep_crisscross, grunt_ministairs_14
D:3:      layout_rooms, basic_ecumenical_altar, uniq_crazy_yiuf_cottage
D:4:      layout_loops_ring, uniq_eustachio
D:5:      layout_loops_corners, minmay_temple_entry_enclosed_plants,
          minmay_shop_enchanted_jewellery, goddamned_bats, uniq_grinder
D:6:      layout_basic, amcnicky_altar_gilded
D:7:      layout_cave_pods, enter_ossuary_5, nicolae_stop_n_shop_2
D:8:      layout_cave_pools, led_sif_pool, dpeg_oklobed_lair, uniq_jeremiah,
          uniq_psyche, uniq_pikel, uniq_maggie
D:9:      minmay_tri_box, layout_basic, nicolae_overflow_hidden_temple,
          chequers_temple_overflow_statue_of_worship, fountainhead,
          serial_bayou_lake_a, uniq_amaemon
D:10:     layout_stronghold, nicolae_overflow_crystal_walls
D:11:     minmay_the_grid_4x2 [minmay_the_grid_paths, minmay_the_grid_garden,
          minmay_the_grid_medium_cups, minmay_the_grid_pillar_ring,
          minmay_the_grid_aliased_spiral, minmay_the_grid_expand,
          minmay_the_grid_diamond_grid, minmay_the_grid_prize_trominoes],
          layout_loops_ring, orc_0_dummy, uniq_urug
D:12:     layout_loops_ring, bh_hangedman_babel_library, uniq_jorgrun
D:13:     layout_stronghold
D:14:     layout_rooms, david_vaults_4, serial_shops, shop_statue,
          kennysheep_vampire_church, uniq_rupert
D:15:     gammafunk_enter_depths_forms, layout_irregular_city,
          hangedman_abyss_or_decor_stagger, serial_shops, shop,
          small_statue_intersection
Temple:   nicolae_temple_superstar
Lair:1:   layout_loops_ring, lemuel_fruit_tree
Lair:2:   layout_misc_corridors, infiniplex_staircase_pool, grunt_megastairs_4
Lair:3:   layout_chaotic_city, swamp_mist, nicolae_spider_entry_tight_spaces
Lair:4:   nzn_winding_woodlands_stair_trap [nzn_winding_woodlands_5x15_crooked,
          nzn_winding_woodlands_5x15_longhouse,
          nzn_winding_woodlands_5x15_default,
          nzn_winding_woodlands_15x15_thick_spiral,
          nzn_winding_woodlands_5x15_pool,
          nzn_winding_woodlands_5x15_sidewinder,
          nzn_winding_woodlands_5x15_default], layout_cellular_growth,
          nicolae_slime_entry_field_trip
Lair:5:   minmay_lair_end_enchanted_forest, layout_misc_corridors,
          infiniplex_staircase_pool_2, grunt_megastairs_1, serial_bayou_shore_b
Swamp:1:  layout_falls_marsh, evilmike_swamp_ruin_house_4
Swamp:2:  layout_basic_swamp, serial_swamp_ruin, evilmike_swamp_ruin_house_1,
          evilmike_swamp_ruin_rubble_1, swamp_pool_4, nicolae_swamp_tree_isthmus
Swamp:3:  layout_basic_swamp, evilmike_swamp_ruin_house_2, swamp_pool_5,
          st_swamp_mini
Swamp:4:  byrel_swamp_growth_death_and_undeath, layout_basic_swamp, swamp_pool_4
Spider:1: layout_chambers, uniq_roxanne, uniq_azrael
Spider:2: layout_spider_delve, uniq_aizul
Spider:3: layout_chambers, uniq_mara
Spider:4: floodkiller_spider_rune_tomb, uniq_mlioglotl
Slime:1:  layout_caves
Orc:1:    cheibrodos_orc_arena, layout_caves, serial_shops, shop,
          nicolae_orc_minecarts, uniq_sonja
Orc:2:    hellmonk_orc_salted, layout_caves, portal_ice_cave_demonic_guard,
          gammafunk_ghost_wrathful_warriors
Elf:1:    layout_rooms, serial_shops, shop, shop, nicolae_shop_advertising_works
          [nicolae_subvault_shop_adworks], shop, shop, minmay_elf_annihilation,
          grunt_ministairs_13, minmay_misc_feat_rows, uniq_asterion
Elf:2:    nicolae_elf_blades_crystal_corner, layout_loops_cross, serial_shops,
          shop, monkooky_shop_alliterative
Elf:3:    elf_hall, layout_rooms, basic_altar, serial_shops, shop
Vaults:1: nicolae_vaults_tetromino_Z_1, v_rooms_6, vaults_dpeg_cross,
          nicolae_vaults_offset_grid_hallway_4, v_rooms_3,
          nicolae_vaults_three_branches, nicolae_vaults_little_ls,
          nicolae_vaults_big_ls, nicolae_vaults_tangram_1,
          hangedman_vaults_maws, dpeg_index_elf_rogue_hall,
          ontoclasm_vaults_fault, hangedman_vaults_stretched_pinwheel,
          nicolae_vaults_little_squares_6, vaults_dpeg_hooks,
          layout_vaults_omnibox, uniq_norris
Vaults:2: nicolae_vaults_shipping_containers_1, ontoclasm_vaults_hangar,
          v_alt_pattern_3, nicolae_vaults_turnstiles, hangedman_vaults_impose,
          v_misc_2, nicolae_vaults_little_squares_1, layout_vaults_omnigrid
Vaults:3: nicolae_vaults_little_squares_1, nicolae_vaults_mini_display_case,
          minmay_crypt_entry_simple_sparse, nicolae_vaults_trapezoid_2,
          nicolae_vaults_trapezoid_lopsided_3, nicolae_vaults_circle_grid_a,
          v_pattern_2, nicolae_vaults_network_s, v_misc_30,
          layout_vaults_omnicross, serial_shops, nicolae_shop_stone
Vaults:4: nicolae_vaults_weapon_check, nicolae_vaults_murder_corner,
          nicolae_vaults_mitosis, vaults_mumra_hex,
          nicolae_vaults_ring_of_whatevers, nicolae_vaults_storage_closets_1,
          nicolae_vaults_network_barrier, nicolae_vaults_tetromino_L_1,
          v_pattern_5, v_misc_24, vaults_room_large_hall, vaults_dpeg_ring,
          layout_vaults_big_room, uniq_mennas
Vaults:5
Crypt:1:  layout_gridlike, grunt_crypt_arrival_webbed
Crypt:2:  layout_gridlike
Crypt:3:  due_elkab, layout_chaotic_city, minmay_misc_feat_alley,
          glass_columns_b
Tomb:1
Depths:1: hangedman_box_tower, layout_twisted_cross, mu_enter_wizlab_3,
          nicolae_the_louvre, pf_coc_iceberg, pan_entry, minmay_misc_feat_doors
Depths:2: dreamdust_hydra_shepherd, layout_gridlike, pf_hell_entry_tar_river,
          abyss_entry, pan_entry, minmay_misc_feat_four_crosses,
          onia_ninara_dug_in_and_dangerous
Depths:3: minmay_strange_plus, layout_basic, serial_shops,
          nicolae_shop_rolling_square, grunt_mini_vestibule, abyss_entry,
          rand_demon_pan_entry_5
Depths:4: grunt_x_marks_the_spot, layout_cave_pools, enter_ziggurat_c,
          serial_shops, shop, nicolae_twisty_statue_hallways, hell_entry
Hell
Zot:1:    layout_misc_corridors, grunt_megastairs_2
Zot:2:    layout_twisted_circle, zot_minivault_2
Zot:3:    layout_twisted_circle, grunt_megastairs_5
Zot:4:    regret_index_infernal_bastille, layout_misc_corridors,
          skrybe_zot_glass_1, zot_minivault_1
Zot:5:    layout_misc_corridors

Skill      XL: |  1  2  3  4  5  6  7  8  9 10 11 12 13 14 15 16 17 18 19 20 21 22 23 24 25 26 27 |
---------------+----------------------------------------------------------------------------------+-----
Polearms       | 3 4 5 6 8 9 11 12 14 15 16 17 18 19 20 21 22 23 | 23.9
Dodging        | 3 5 6 8 9 11 12 13 | 13.6
Armour         | 2 3 4 6 7 9 10 11 13 14 15 16 17 19 20 22 27 | 27.0
Fighting       | 4 5 7 8 9 10 12 13 14 15 16 17 18 19 24 | 24.6
Invocations    | 2 6 9 10 11 12 13 14 15 16 17 18 19 20 21 22 26 | 26.0
Shields        | 8 9 17 21 22 23 24 27 | 27.0
Evocations     | 4 5 8 |  8.0
Stealth        | |  6.0

Action                     |  1- 3 |  4- 6 |  7- 9 | 10-12 | 13-15 | 16-18 | 19-21 | 22-24 | 25-27 || total
---------------------------+-------+-------+-------+-------+-------+-------+-------+-------+-------++-------
  Melee: Spear             |    22 |       |       |       |       |       |       |       |       ||    22
         Trident           |    38 |    73 |   249 |   391 |  1263 |  1864 |   858 |       |       ||  4736
         Punch             |       |       |     3 |     7 |    13 |       |       |       |       ||    23
         Halberd           |       |       |       |       |       |    28 |   925 |   432 |       ||  1385
         Demon trident     |       |       |       |       |       |       |       |   780 |  3060 ||  3840
         Bardiche          |       |       |       |       |       |       |       |       |   120 ||   120
   Fire: Shortbow          |       |       |       |     3 |    12 |       |       |       |       ||    15
  Throw: Dart              |       |       |       |     2 |       |       |       |       |       ||     2
 Invoke: Lesser Servant of |       |       |       |       |     3 |       |     1 |       |       ||     4
         Greater Servant o |       |       |       |       |     1 |     3 |     7 |     3 |     2 ||    16
         Major Destruction |       |       |       |       |       |     1 |       |       |       ||     1
  Evoke: Wand              |       |       |     1 |       |       |       |     1 |       |     1 ||     3
         Phantom mirror    |       |       |       |       |       |     1 |     1 |       |       ||     2
    Use: Scroll            |       |       |    11 |     9 |     7 |     4 |     3 |    11 |    20 ||    65
         Potion            |       |       |       |     1 |       |     4 |    15 |     3 |    15 ||    38
   Stab: Sleeping          |    12 |     5 |    14 |     6 |       |     3 |       |       |       ||    40
         Paralysed         |       |       |     3 |       |       |       |       |       |       ||     3
         Distracted        |       |       |     1 |       |     2 |     1 |     5 |    21 |    97 ||   127
         Invisible         |       |       |       |       |       |     3 |       |       |       ||     3
 Armour: Leather armour    |    22 |    24 |    83 |   130 |    24 |     3 |       |       |       ||   286
         Scale mail        |       |       |       |       |   357 |       |       |       |       ||   357
         Ring mail         |       |       |       |       |       |   119 |       |       |       ||   119
         Plate armour      |       |       |       |       |       |   759 |  1179 |   475 |   481 ||  2894
         Acid dragon scale |       |       |       |       |       |       |     1 |       |       ||     1
         Storm dragon scal |       |       |       |       |       |       |       |       |    97 ||    97
         Gold dragon scale |       |       |       |       |       |       |       |       |   481 ||   481
  Dodge: Dodged            |    20 |    34 |   116 |   151 |   624 |  1343 |  1650 |   582 |  1271 ||  5791
         Repelled          |       |       |       |       |       |       |       |       |    34 ||    34
  Block: Other             |       |       |    15 |    46 |    57 |       |       |       |       ||   118
         Reflection        |       |       |       |     1 |       |       |       |       |    47 ||    48
         Buckler           |       |       |       |       |    48 |   625 |   788 |       |       ||  1461
         Kite shield       |       |       |       |       |       |       |    10 |   671 |  1869 ||  2550
         Tower shield      |       |       |       |       |       |       |       |       |    51 ||    51
